 Dungeon Crawl Stone Soup version 0.19-a0-1225-gf887c1c (webtiles) character file.

8929 Promi the Fighter (level 11, -6/99 HPs)
             Began as a Hill Orc Fighter on Aug 25, 2016.
             Was an Initiate of Beogh.
             Hit by a large rock thrown by a cyclops (9 damage)
             ... on level 1 of the Orcish Mines.
             The game lasted 00:51:08 (13301 turns).

Promi the Fighter (Hill Orc Fighter)               Turns: 13301, Time: 00:51:08

Health: -6/99      AC:  9    Str: 21    XL:     11   Next: 38%
Magic:  20/20      EV:  9    Int: 10    God:    Beogh [......]
Gold:   437        SH:  0    Dex: 13    Spells: 1 memorised, 22 levels left

rFire  . . .     SeeInvis .     B - +4 trident (flame)
rCold  . . .     Gourm    .     b - +0 scale mail
rNeg   + . .     Faith    .     (no shield)
rPois  .         Spirit   .     (no helmet)
rElec  .         Dismiss  .     (no cloak)
rCorr  .         Reflect  .     i - +0 pair of gloves
MR     .....     Harm     .     (no boots)
Stlth  ..........               (no amulet)
                                a - ring of positive energy
                                A - +3 ring of dexterity

@: drained
A: claws 1, subdued magic 2
a: Renounce Religion


You were on level 1 of the Orcish Mines.
You worshipped Beogh.
Beogh was noncommittal.
You were not hungry.

You visited 3 branches of the dungeon, and saw 12 of its levels.

You collected 793 gold pieces.
You spent 356 gold pieces at shops.

Inventory:

Hand Weapons
 g - a +2 scythe of freezing
 r - a +4 flail
 B - a +4 trident of flaming (weapon)
 F - a +1 battleaxe of venom
Armour
 b - a +0 scale mail (worn)
 c - a +1 shield
 i - a +0 pair of gloves (worn)
Jewellery
 a - a ring of positive energy (right hand)
 A - a +3 ring of dexterity (left hand)
Wands
 o - a wand of acid (9/15)
 E - a wand of lightning (10/15)
Scrolls
 e - a scroll of identify
 h - 4 scrolls of remove curse
 k - a scroll of enchant armour
 l - a scroll of random uselessness
 u - a scroll of recharging
 y - 2 scrolls of noise
 z - a scroll of brand weapon {unknown}
Potions
 m - 3 potions of flight
 q - 2 potions of agility
 s - a potion of curing
 t - a potion of lignification
 w - 2 potions of ambrosia
Books
 C - a book of Necromancy

   Spells                             Type                      Level
   a - Pain                           Necromancy                   1
   b - Animate Skeleton               Necromancy                   1
   c - Vampiric Draining              Necromancy                   3
   d - Regeneration                   Charms/Necromancy            3
   e - Animate Dead                   Necromancy                   4
   f - Control Undead                 Necromancy                   4
Comestibles
 d - 3 meat rations
 f - 3 bread rations
 p - a beef jerky
 v - 2 royal jellies


   Skills:
 + Level 9.8(9.5) Fighting
 - Level 4.2(7.3) Axes
 - Level 4.8(5.1) Maces & Flails
 + Level 6.5(6.6) Polearms
 + Level 9.1(8.8) Armour
 + Level 8.4(8.0) Shields
 + Level 6.5(6.2) Spellcasting


You had 22 spell levels left.
You knew the following spells:

 Your Spells              Type           Power        Failure   Level  Hunger
a - Pain                  Necr           #...         41%         1    None


Dungeon Overview and Level Annotations

Branches:
Dungeon (9/15)             Temple (0/1) D:6            Lair (1/6) D:8
    Orc (2/2) D:9
    Elf: Orc:2

Altars:
Ashenzari
Cheibriados
Gozag
Kikubaaqudgha
Makhleb
Nemelex Xobeh
Qazlal
Sif Muna
Trog
Uskayaw
Yredelemnul
Zin
The Shining One

Shops:
D:4 *   D:6 (   D:7 !   D:8 [?[


Innate Abilities, Weirdness & Mutations

You have sharp fingernails.
Your spells are easier to cast, but less powerful.


Message History

You start resting.
You feel yourself slow down.
You start resting.
Your magical contamination has completely faded away.
You start resting.
A cyclops comes into view.
An orc comes into view. It is wielding a trident.
The orc shouts!
The orc barely misses you. The orc hits you but does no damage.
You hit the orc. You burn the orc.
You kill the orc!
Beogh accepts your kill.
The cyclops throws a large rock.
The large rock hits you.
You see here a large rock.
The cyclops throws a large rock.
The large rock hits you!!
* * * LOW HITPOINT WARNING * * *
You see here a large rock.
The cyclops throws a large rock.
The large rock hits you!
You die...

##### ###### ###.#.##
##..#.###......#
##......#....#..##
##.#.@#.......#...#
#...#(#.(......#.##
#......#.......##.##
#.....#........#...##
#....#......#.#.....##
##.....)..).....$....#
##....o.).C##.#)###.##
#......))...###.#.###
##................


You could see a cyclops and a neutral orc warrior (wandering).

Vanquished Creatures
  Josephine (Orc:1)
  Nergalle (Orc:1)
  Pikel (D:4)
  Prince Ribbit (D:8)
  Sigmund (D:5)
  4 wraiths (Orc:1)
  A wyvern (D:9)
  Grum (D:7)
  3 fire bats (Orc:1)
  A warg (Orc:1)
  Edmund (D:5)
  A water moccasin (D:9)
  Duvessa (D:5)
  A sky beast (D:6)
  2 black bears
  A necrophage (D:5)
  4 orc warriors
  Purgy (D:4)
  3 ice beasts
  2 phantoms
  5 ogres
  3 wolves
  4 centaurs
  7 giant frogs
  A gnoll sergeant (D:6)
  Dowan (D:5)
  7 scorpions
  5 wights (D:9)
  3 crimson imps
  3 centaur zombies
  A jelly (D:8)
  A gnoll shaman (D:7)
  6 hounds
  10 orc priests
  12 orc wizards
  Ijyb (D:1)
  4 worker ants
  Terence (D:3)
  2 killer bee zombies
  2 hound skeletons
  2 worker ant zombies
  Robin (D:2)
  19 gnolls
  12 adders
  A shadow imp (D:5)
  2 oozes
  An adder zombie (D:6)
  4 worms
  2 dart slugs
  2 giant geckos
  56 orcs
  3 ball pythons
  6 giant cockroaches
  12 goblins
  11 hobgoblins
  14 jackals
  6 quokkas
  3 bats (D:2)
  A giant gecko skeleton (D:8)
  3 giant newts
  7 kobolds
  A quokka skeleton (D:5)
  3 rats
283 creatures vanquished.

Vanquished Creatures (others)
  An orc warrior (Orc:1)
  An ogre (Orc:1)
  A human (D:6)
  2 orc priests (Orc:1)
  An adder (D:4)
  An ooze (D:4)
  6 orcs (Orc:1)
  A giant newt (D:4)
14 creatures vanquished.

Grand Total: 297 creatures vanquished

Notes
Turn   | Place    | Note
-------+----------+-------------------------------------------
     0 | D:1      | Promi the Hill Orc Fighter began the quest for the Orb.
     0 | D:1      | Reached XP level 1. HP: 19/19 MP: 1/1
   211 | D:1      | Reached XP level 2. HP: 24/27 MP: 2/2
   418 | D:1      | Reached XP level 3. HP: 33/33 MP: 3/3
   599 | D:2      | Noticed Ijyb
   627 | D:1      | Killed Ijyb
   702 | D:2      | Reached XP level 4. HP: 33/40 MP: 5/5
   940 | D:2      | Noticed Robin
   952 | D:2      | Reached skill level 1 in Spellcasting
   968 | D:2      | Killed Robin
  1318 | D:2      | Reached XP level 5. HP: 43/46 MP: 7/7
  1435 | D:2      | Found a deep blue altar of Sif Muna.
  1441 | D:2      | Became a worshipper of Sif Muna the Loreminder
  1612 | D:3      | Found a burning altar of Makhleb.
  1612 | D:3      | Noticed Terence
  1632 | D:3      | Killed Terence
  1706 | D:3      | Found an opulent altar of Gozag.
  1707 | D:3      | Found a sparkling altar of Nemelex Xobeh.
  1724 | D:3      | HP: 2/46 [gnoll/halberd (9)]
  2312 | D:3      | Reached XP level 6. HP: 52/53 MP: 9/9
  2639 | D:4      | Found a snail-covered altar of Cheibriados.
  2667 | D:4      | Noticed Purgy
  2679 | D:4      | Killed Purgy
  2679 | D:4      | Reached skill level 1 in Maces & Flails
  2917 | D:4      | Found a bloodstained altar of Trog.
  3191 | D:4      | Found Ciuddoig's General Store.
  3254 | D:4      | Noticed a slave
  3256 | D:4      | Noticed Pikel
  3256 | D:4      | Noticed a slave
  3257 | D:4      | Noticed a slave
  3257 | D:4      | Noticed a slave
  3275 | D:4      | Killed Pikel
  3275 | D:4      | Reached * piety under Sif Muna
  3275 | D:4      | Reached skill level 5 in Fighting
  3275 | D:4      | Reached skill level 5 in Armour
  3275 | D:4      | Reached skill level 5 in Shields
  3275 | D:4      | Reached XP level 7. HP: 4/61 MP: 9/12
  3275 | D:4      | Reached XP level 8. HP: 5/69 MP: 9/13
  3548 | D:4      | Found a hide-covered altar of Uskayaw.
  3548 | D:4      | Found a stormy altar of Qazlal.
  3672 | D:4      | Found a snail-covered altar of Cheibriados.
  3942 | D:5      | Entered Level 5 of the Dungeon
  3965 | D:5      | Noticed Dowan
  3966 | D:5      | Noticed Duvessa
  4011 | D:5      | Killed Duvessa
  4016 | D:5      | Killed Dowan
  4363 | D:5      | Noticed Sigmund
  4376 | D:5      | Killed Sigmund
  4446 | D:5      | Noticed Edmund
  4465 | D:5      | Killed Edmund
  4465 | D:5      | Reached skill level 1 in Polearms
  4510 | D:5      | Reached XP level 9. HP: 77/78 MP: 15/15
  4799 | D:6      | Found a staircase to the Ecumenical Temple.
  5143 | D:6      | Found Casacosa's Weapon Emporium.
  5255 | D:6      | Found a basalt altar of Yredelemnul.
  5326 | D:6      | Found an ancient bone altar of Kikubaaqudgha.
  5356 | D:6      | Found a glowing golden altar of the Shining One.
  5424 | D:6      | Noticed an angel
  5645 | D:7      | Noticed a hill giant
  6630 | D:7      | Found Putuxt's Distillery.
  6721 | D:7      | Reached ** piety under Sif Muna
  6759 | D:7      | Found a burning altar of Makhleb.
  6979 | D:8      | Reached skill level 5 in Spellcasting
  7085 | D:8      | Found a shattered altar of Ashenzari.
  7095 | D:8      | Reached XP level 10. HP: 56/88 MP: 17/17
  7264 | D:8      | Found Xymegint's Armour Shoppe.
  7283 | D:8      | Found Zaptepan's Armour Boutique.
  7283 | D:8      | Found Loheocov's Magic Scroll Emporium.
  7295 | D:8      | Bought a scroll of enchant weapon for 97 gold pieces
  7295 | D:8      | Bought a scroll of teleportation for 39 gold pieces
  7313 | D:8      | Noticed Prince Ribbit
  7318 | D:8      | Killed Prince Ribbit
  7382 | D:8      | Found a staircase to the Lair.
  7389 | D:8      | Noticed Grum
  7905 | D:7      | Killed Grum
  9546 | D:6      | Gained mutation: You have sharp fingernails. [potion of mutation]
  9546 | D:6      | Gained mutation: Your spells are a little easier to cast, but a little less powerful. [potion of mutation]
  9546 | D:6      | Gained mutation: Your spells are easier to cast, but less powerful. [potion of mutation]
  9726 | D:7      | Bought 2 potions of heal wounds for 110 gold pieces
  9726 | D:7      | Bought a potion of haste for 110 gold pieces
  9815 | D:7      | Reached skill level 5 in Polearms
  9844 | D:7      | Found a glowing silver altar of Zin.
 10077 | Lair:1   | Entered Level 1 of the Lair of Beasts
 10566 | D:9      | Found a staircase to the Orcish Mines.
 10927 | D:9      | Learned a level 1 spell: Pain
 11251 | Orc:1    | Entered Level 1 of the Orcish Mines
 11389 | Orc:1    | Reached XP level 11. HP: 58/97 MP: 20/20
 11782 | Orc:1    | Reached *** piety under Sif Muna
 11870 | Orc:1    | Noticed Josephine
 11980 | Orc:1    | Killed Josephine
 12790 | Orc:1    | Noticed a stone giant
 13045 | Orc:2    | Entered Level 2 of the Orcish Mines
 13093 | Orc:1    | Noticed an orc knight
 13094 | Orc:1    | Fell from the grace of Sif Muna
 13094 | Orc:1    | Became a worshipper of Beogh the Brigand
 13095 | Orc:1    | Noticed Nergalle
 13148 | Orc:1    | Identified a scroll of acquirement
 13155 | Orc:1    | Killed Nergalle
 13289 | Orc:1    | Noticed a cyclops
 13300 | Orc:1    | HP: 3/99 [cyclops/large rock (35)]
 13301 | Orc:1    | Hit by a large rock thrown by a cyclops

Vault maps used:
D:1:      lightli_arrival_flooded_house, serial_bayou_pond_e, hex_intersection
D:2:      overflow_temple_1_default, uniq_robin, uniq_iyjb
D:3:      grunt_temple_overflow_opulence, nicolae_overflow_hidden_temple,
          bloody_makhleb, uniq_terence
D:4:      lemuel_doored_altar, kennysheep_mini_moat,
          gammafunk_temple_overflow_elements, first_bread, serial_shops,
          nicolae_shop_trees, chei_slow_surprise, uniq_purgy, uniq_pikel
D:5:      black_bear_nest_1, uniq_sigmund, uniq_duvessa, uniq_edmund
D:6:      grunt_temple_overflow_holy_war, serial_shops, shop, tgw_kikubaaqudgha
D:7:      zin_statuary, old_standard_altar, serial_shops,
          nicolae_shop_waterfront
D:8:      kennysheep_mini, lair_0_dummy, serial_shops, shop, shop_statue, shop,
          uniq_grum, uniq_prince_ribbit1
D:9:      hiddenorc2_lemuel
Orc:1:    serial_shops, nicolae_volcano_entry_batcave, guppyfry_library_mini,
          uniq_nergalle, uniq_josephine
Orc:2:    pubby_orc_utopia

Skill      XL: |  1  2  3  4  5  6  7  8  9 10 11 |
---------------+----------------------------------+-----
Axes           | 3 4 |  4.2
Fighting       | 4 5 6 8 9 |  9.8
Spellcasting   | 1 2 3 4 5 6 |  6.5
Shields        | 4 5 6 7 8 |  8.4
Armour         | 4 5 6 7 8 9 |  9.1
Maces & Flails | 2 4 |  4.8
Polearms       | 1 4 5 6 |  6.5

Action                   |  1- 3 |  4- 6 |  7- 9 | 10-12 || total
-------------------------+-------+-------+-------+-------++-------
Melee: War axe           |    92 |   129 |       |       ||   221
       Flail             |       |   112 |   225 |       ||   337
       Trident           |       |       |   111 |   470 ||   581
       Scythe            |       |       |       |     9 ||     9
 Cast: Pain              |       |       |       |     2 ||     2
Invok: Convert to Beogh  |       |       |       |     1 ||     1
  Use: Scroll            |       |     8 |     6 |     5 ||    19
       Potion            |       |     2 |     4 |    17 ||    23
  Eat: Chunk             |       |     8 |    11 |    14 ||    33
       Beef jerky        |       |       |     1 |       ||     1
       Bread ration      |       |       |       |     2 ||     2
Armor: Scale mail        |    39 |   135 |   166 |   164 ||   504
Dodge: Dodged            |    23 |    82 |   110 |   181 ||   396
Block: Shield            |    39 |   129 |   133 |       ||   301
